[Event "Titled Tuesday Blitz August 08 Late 2023"]
[White "Cagara, Paulina"]
[Black "Luczak, Filip"]
[WhiteFideId "1124870"]
[BlackFideId "1193686"]
[WhiteElo "2288"]
[BlackElo "2436"]
[Result "0-1"]
[Round "10"]
[TimeControl "180+1"]
[Date "2023.08.08"]
[WhiteClock "0:00:00"]
[BlackClock "0:01:29"]
[Board "81"]

1. e4 e6 2. d4 d5 3. Nc3 Bb4 4. exd5 exd5 5. Bd3 Nf6 6. Bg5 h6 7. Bh4 Nbd7 8. Ne2 Nf8 9. O-O Ng6 10. Bxf6 gxf6 11. Ng3 Be6 12. Qf3 Be7 13. Rfe1 Qd7 14. Nh5 O-O-O 15. Nxf6 Qd6 16. Nb5 Qb6 17. a4 Kb8 18. a5 Qc6 19. Nh5 a6 20. Na3 Rhg8 21. Ng3 h5 22. b4 Bg5 23. b5 Qd7 24. bxa6 Bg4 25. Bf5 Bxf3 26. Bxd7 Bxg2 27. axb7 h4 28. a6 hxg3 29. fxg3 Be4 30. Nb5 Rxd7 31. Reb1 c6 32. a7+ Kxb7 33. Nd6+ Kc7 34. Rb7+ Kxd6 35. Rb8 Bd8 36. a8=Q Ne7 37. Ra6 f5 38. Rb7 Bc7 39. Qa7 f4 40. Qc5+ Ke6 41. Rxc6+ Bd6 0-1


[Site "https://www.chess.com"]

[Event "Titled Tuesday Blitz August 08 Late 2023"]
[White "Bueno, Alfeu Junior Varela"]
[Black "Kula, Robert"]
[WhiteFideId "2108879"]
[BlackFideId "1101218"]
[WhiteElo "2421"]
[BlackElo "2259"]
[Result "0-1"]
[Round "10"]
[TimeControl "180+1"]
[Date "2023.08.08"]
[WhiteClock "0:00:12"]
[BlackClock "0:00:20"]
[Board "82"]

1. e4 g6 2. d4 Bg7 3. Nf3 d6 4. Nc3 Nd7 5. Bc4 e6 6. O-O c6 7. d5 cxd5 8. exd5 e5 9. Ne4 Ndf6 10. Bb5+ Kf8 11. Ng3 Ne7 12. c4 Bd7 13. Bxd7 Nxd7 14. b3 h6 15. Ba3 Nf6 16. Re1 Kg8 17. Nd2 Kh7 18. Qf3 b6 19. Rac1 Rf8 20. Nde4 Ne8 21. Nc3 f5 22. Qd1 a6 23. Na4 b5 24. Nc3 Rb8 25. cxb5 axb5 26. Bb4 Nf6 27. Qe2 e4 28. Red1 Qd7 29. Qe3 Ng4 30. Qe2 Be5 31. Ngxe4 fxe4 32. Qxg4 Qxg4 0-1


[Site "https://www.chess.com"]

[Event "Titled Tuesday Blitz August 08 Late 2023"]
[White "chessmateto"]
[Black "Fernandez Bustamante, Leancy B."]
[BlackFideId "3523870"]
[WhiteElo "2417"]
[BlackElo "2222"]
[Result "0-1"]
[Round "10"]
[TimeControl "180+1"]
[Date "2023.08.08"]
[WhiteClock "0:00:08"]
[BlackClock "0:00:24"]
[Board "83"]

1. Nf3 c5 2. c4 Nc6 3. Nc3 d6 4. d4 cxd4 5. Nxd4 Nxd4 6. Qxd4 Nf6 7. e4 g6 8. Be2 Bg7 9. Qd1 O-O 10. O-O Be6 11. Be3 Qa5 12. f3 Rfc8 13. Nd5 Bxd5 14. cxd5 Nd7 15. Qb3 Nc5 16. Qd1 Bxb2 17. Rb1 Bg7 18. Qd2 Qxd2 19. Bxd2 b6 20. Bb5 Bd4+ 21. Kh1 a6 22. Bc6 Rab8 23. g3 h5 24. Bg5 Kf8 25. g4 hxg4 26. Rbe1 gxf3 27. Rxf3 f6 28. Bc1 Kg7 29. h3 Rh8 30. Kg2 Rh4 31. Ba3 Nxe4 32. Rd3 Be5 33. Bb4 Rbh8 34. Bb7 a5 35. Ba3 Nc5 36. Bxc5 bxc5 37. Rb1 c4 38. Ra3 c3 39. Rxa5 Rxh3 40. Ra7 Rg3+ 41. Kf2 Rh2+ 42. Kf1 Rh1+ 43. Kf2 Rxb1 44. Bc6 Bd4+ 45. Kxg3 Bxa7 46. Be8 c2 47. Bxg6 0-1


[Site "https://www.chess.com"]

[Event "Titled Tuesday Blitz August 08 Late 2023"]
[White "Hng, Mei-En Emmanuelle"]
[Black "Orlov, Georgi"]
[WhiteFideId "5804566"]
[BlackFideId "2011271"]
[WhiteElo "2283"]
[BlackElo "2547"]
[Result "1-0"]
[Round "10"]
[TimeControl "180+1"]
[Date "2023.08.08"]
[WhiteClock "0:02:13"]
[BlackClock "0:02:23"]
[Board "84"]

1. e4 b6 2. d4 Bb7 3. Nc3 e6 4. Bd3 f5 5. exf5 Bxg2 6. Qh5+ Ke7 7. Qg5+ Nf6 8. Qxg2 Nc6 9. fxe6 Nxd4 10. exd7 c6 11. Nf3 Nxf3+ 12. Qxf3 Qxd7 13. Bg5 b5 14. O-O-O 1-0


[Site "https://www.chess.com"]

[Event "Titled Tuesday Blitz August 08 Late 2023"]
[White "Czerw, Dawid"]
[Black "Rabiega, Robert"]
[WhiteFideId "1145746"]
[BlackFideId "4601475"]
[WhiteElo "2507"]
[BlackElo "2366"]
[Result "1-0"]
[Round "10"]
[TimeControl "180+1"]
[Date "2023.08.08"]
[WhiteClock "0:00:59"]
[BlackClock "0:00:27"]
[Board "85"]

1. e4 c6 2. Nc3 d5 3. Qf3 e6 4. d4 dxe4 5. Qxe4 Nf6 6. Qh4 Be7 7. Nf3 Nbd7 8. Bd3 Nd5 9. Qg3 Nxc3 10. bxc3 Bf6 11. h4 Qa5 12. Bd2 c5 13. Ng5 h6 14. Ne4 cxd4 15. cxd4 Qd5 16. c4 Qxd4 17. Bc3 Qxc3+ 18. Nxc3 Bxc3+ 19. Ke2 Bxa1 20. Rxa1 O-O 21. Qe3 Nf6 22. g4 Nxg4 23. Qg3 h5 24. f3 Nf6 25. Rg1 Ne8 26. Qg5 f5 27. Qxh5 Bd7 28. Qg5 Rf6 29. Qe3 Kf7 30. Qc5 Bc6 31. Bc2 a6 32. Qb4 Nc7 33. Ba4 e5 34. Bxc6 Rxc6 35. Qxb7 Rxc4 36. Qb3 Ne6 37. Qxc4 1-0


[Site "https://www.chess.com"]

[Event "Titled Tuesday Blitz August 08 Late 2023"]
[White "Kostiukov, Alexandr"]
[Black "Mickiewicz, Piotr"]
[WhiteFideId "14108100"]
[BlackFideId "1114891"]
[WhiteElo "2366"]
[BlackElo "2471"]
[Result "0-1"]
[Round "10"]
[TimeControl "180+1"]
[Date "2023.08.08"]
[WhiteClock "0:00:04"]
[BlackClock "0:00:38"]
[Board "86"]

1. g3 Nf6 2. Bg2 e5 3. c4 d5 4. cxd5 Nxd5 5. Nc3 Nb6 6. Nf3 Nc6 7. O-O Be7 8. a4 a5 9. d3 O-O 10. Be3 Re8 11. b3 Bf8 12. Bxb6 cxb6 13. Nb5 Be6 14. Nd2 Rc8 15. Nc4 Bc5 16. Rc1 Bd5 17. e3 Bxg2 18. Kxg2 Qd5+ 19. Qf3 Qxd3 20. Rfd1 Qxb3 21. Ncd6 e4 22. Qg4 Ne5 23. Qe2 Nd3 24. Rb1 Qxa4 25. Nxc8 Rxc8 26. Nc3 Qc4 27. Nxe4 Nf4+ 28. gxf4 Qxe2 29. Rd2 Qg4+ 30. Kf1 Qf3 31. Rbd1 Qxe4 32. Rd8+ Rxd8 33. Rxd8+ Bf8 0-1


[Site "https://www.chess.com"]

[Event "Titled Tuesday Blitz August 08 Late 2023"]
[White "Harish, Neeraj"]
[Black "Womacka, Mathias"]
[WhiteFideId "30958130"]
[BlackFideId "4611390"]
[WhiteElo "2331"]
[BlackElo "2464"]
[Result "1-0"]
[Round "10"]
[TimeControl "180+1"]
[Date "2023.08.08"]
[WhiteClock "0:00:48"]
[BlackClock "0:00:00"]
[Board "87"]

1. e4 c5 2. Nf3 d6 3. d4 cxd4 4. Nxd4 Nf6 5. Nc3 a6 6. Be3 e5 7. Nb3 Be7 8. f3 Be6 9. Qd2 O-O 10. O-O-O Nbd7 11. g4 Qc7 12. g5 Nh5 13. Kb1 b5 14. Nd5 Bxd5 15. exd5 Nb6 16. Na5 Nxd5 17. Qxd5 Qxa5 18. Bd3 Qd8 19. h4 g6 20. Rhf1 Rc8 21. f4 exf4 22. Bxf4 Nxf4 23. Rxf4 Rc5 24. Qf3 f5 25. c3 Re8 26. Bc2 Bf8 27. Bb3+ Kh8 28. Rfd4 Rce5 29. a3 Re4 30. Qf2 Qe7 31. Bd5 Rxd4 32. Qxd4+ Bg7 33. Qb6 Qe2 34. Bb3 Qe4+ 35. Ka2 Qxh4 36. Qxa6 Qxg5 37. Qxb5 Qe3 38. Qd5 Rb8 39. a4 Qc5 40. Qxd6 Qxd6 41. Rxd6 g5 42. a5 g4 43. Bd5 1-0


[Site "https://www.chess.com"]

[Event "Titled Tuesday Blitz August 08 Late 2023"]
[White "ciroreva-CB"]
[Black "Swicarz, Maciej"]
[BlackFideId "1113585"]
[WhiteElo "2333"]
[BlackElo "2426"]
[Result "0-1"]
[Round "10"]
[TimeControl "180+1"]
[Date "2023.08.08"]
[WhiteClock "0:00:09"]
[BlackClock "0:00:45"]
[Board "88"]

1. e4 c5 2. Nf3 d6 3. c3 Nf6 4. h3 Nc6 5. Bd3 g6 6. Bc2 Bg7 7. d4 cxd4 8. cxd4 O-O 9. O-O Nb4 10. Bb3 d5 11. e5 Ne4 12. Nc3 Be6 13. Re1 Nxc3 14. bxc3 Nc6 15. Ng5 Qd7 16. Bd2 Rac8 17. Qe2 Na5 18. Rac1 Nc4 19. Nf3 Bf5 20. Bf4 h6 21. Nd2 Nb6 22. Qe3 Kh7 23. c4 dxc4 24. Nxc4 Nd5 25. Qd2 Be6 26. Be3 Rfd8 27. Red1 b6 28. Qb2 Qb5 29. Bd2 Nb4 30. Bxb4 Qxb4 31. Qd2 Qxd2 32. Rxd2 b5 33. d5 Rxd5 34. Rxd5 Bxd5 35. Rd1 Bxc4 36. Bxc4 bxc4 37. Rd7 c3 38. Rxe7 c2 0-1


[Site "https://www.chess.com"]

[Event "Titled Tuesday Blitz August 08 Late 2023"]
[White "Salazar Farias, Luis German"]
[Black "Gerbelli Neto, Eduardo"]
[WhiteFideId "3902170"]
[BlackFideId "2103281"]
[WhiteElo "2420"]
[BlackElo "2326"]
[Result "1-0"]
[Round "10"]
[TimeControl "180+1"]
[Date "2023.08.08"]
[WhiteClock "0:00:13"]
[BlackClock "0:00:46"]
[Board "89"]

1. d4 d5 2. c4 c6 3. Nc3 Nf6 4. e3 e6 5. Nf3 Nbd7 6. Bd3 dxc4 7. Bxc4 b5 8. Bd3 a6 9. e4 c5 10. e5 cxd4 11. Nxb5 axb5 12. exf6 gxf6 13. O-O Qb6 14. a4 Bb7 15. Bxb5 Rd8 16. Qxd4 Qxd4 17. Nxd4 Rg8 18. f3 Bc5 19. Be3 Ke7 20. Bxd7 Bxd4 21. Bxd4 Rxd7 22. Rad1 Bd5 23. a5 e5 24. Bc3 Ke6 25. Kf2 f5 26. Rfe1 f6 27. Rd2 Rb7 28. Red1 Rb5 29. Ra1 Ra8 30. Ra4 f4 31. Ra1 h5 32. g3 fxg3+ 33. hxg3 f5 34. Rh1 Rh8 35. Re2 Bb7 36. Rhe1 h4 37. Rxe5+ Rxe5 38. Rxe5+ Kd6 39. gxh4 Rxh4 40. Rxf5 Rh2+ 41. Kg3 Re2 42. Rf6+ Ke7 43. Rf4 1-0


[Site "https://www.chess.com"]

[Event "Titled Tuesday Blitz August 08 Late 2023"]
[White "KorolDimitriy75"]
[Black "GAO"]
[WhiteElo "2396"]
[BlackElo "2296"]
[Result "1-0"]
[Round "10"]
[TimeControl "180+1"]
[Date "2023.08.08"]
[WhiteClock "0:00:31"]
[BlackClock "0:01:45"]
[Board "90"]

1. d4 Nf6 2. c4 g6 3. Nc3 Bg7 4. e4 d6 5. Nf3 O-O 6. Be2 e5 7. dxe5 dxe5 8. Qxd8 Rxd8 9. Bg5 c6 10. Nxe5 Re8 11. O-O-O h6 12. Bh4 Be6 13. f4 Nbd7 14. Nxd7 Nxd7 15. Kc2 f5 16. exf5 Bxf5+ 17. Bd3 Bxd3+ 18. Rxd3 Nc5 19. Rd2 Ne4 20. Nxe4 Rxe4 21. b3 Rxf4 22. Bg3 Rf7 23. Rhd1 Re8 24. Rd8 Re7 25. Rxe8+ Rxe8 26. Rd7 Re2+ 27. Kd3 Rxg2 28. a4 Rb2 29. Rxg7+ Kxg7 30. Be5+ Kf7 31. Bxb2 Ke6 32. Ke4 a6 33. a5 Kd6 34. Bd4 Ke6 35. Be3 h5 36. h4 Kf6 37. Bg5+ Ke6 38. Kd4 Kd6 39. Bf4+ Ke6 40. Kc5 Kf5 41. Bg5 Ke4 42. Kb6 Kd4 43. Kxb7 Kc3 44. Kxc6 Kxb3 45. c5 Kb4 46. Kb6 Ka4 47. c6 1-0


[Site "https://www.chess.com"]

[Event "Titled Tuesday Blitz August 08 Late 2023"]
[White "Suarez Pousa, Diego"]
[Black "Clawitter, Craig"]
[WhiteFideId "2204509"]
[BlackFideId "2023105"]
[WhiteElo "2375"]
[BlackElo "2218"]
[Result "1-0"]
[Round "10"]
[TimeControl "180+1"]
[Date "2023.08.08"]
[WhiteClock "0:01:30"]
[BlackClock "0:00:31"]
[Board "91"]

1. e4 e6 2. d4 d5 3. Nc3 Bb4 4. exd5 exd5 5. Bd3 Nf6 6. Ne2 O-O 7. O-O Re8 8. Ng3 c6 9. Bg5 Be7 10. h3 Nbd7 11. Nf5 Bf8 12. Qf3 Qb6 13. b3 Bb4 14. Na4 Qd8 15. c3 Bf8 16. Rae1 Rxe1 17. Rxe1 Nb6 18. Nh6+ gxh6 19. Bxf6 Qd6 20. Re8 Bd7 21. Re5 Bg7 22. Bxg7 Kxg7 23. Nc5 Re8 24. Qg3+ Kf6 25. Rf5+ Ke7 26. Rxf7+ Kxf7 27. Qxd6 Re1+ 28. Kh2 1-0


[Site "https://www.chess.com"]

[Event "Titled Tuesday Blitz August 08 Late 2023"]
[White "Vaglio Munoz, Jaime"]
[Black "Liu, Casper"]
[WhiteFideId "6500145"]
[BlackFideId "1454153"]
[WhiteElo "2248"]
[BlackElo "2448"]
[Result "1-0"]
[Round "10"]
[TimeControl "180+1"]
[Date "2023.08.08"]
[WhiteClock "0:01:46"]
[BlackClock "0:00:06"]
[Board "92"]

1. Nf3 Nf6 2. b3 b6 3. c4 c5 4. d4 e6 5. Bb2 d5 6. dxc5 Bxc5 7. e3 O-O 8. Be2 Bb7 9. O-O Nbd7 10. Nc3 Qc7 11. Rc1 Rac8 12. cxd5 Nxd5 13. Ne4 Nxe3 14. Qd3 Bxe4 15. Qxe4 Nxf1 16. Bxf1 Qc6 17. Qg4 f6 18. b4 Qd5 19. bxc5 Rxc5 20. Re1 Re8 21. Nd4 Qxa2 22. Nxe6 Re5 23. Qxg7# 1-0


[Site "https://www.chess.com"]

[Event "Titled Tuesday Blitz August 08 Late 2023"]
[White "Fernandez Madrid, Carlos"]
[Black "Bogaudinov, Rushan"]
[WhiteFideId "2206030"]
[BlackFideId "4129288"]
[WhiteElo "2260"]
[BlackElo "2407"]
[Result "0-1"]
[Round "10"]
[TimeControl "180+1"]
[Date "2023.08.08"]
[WhiteClock "0:02:00"]
[BlackClock "0:02:14"]
[Board "93"]

1. d4 a6 2. e3 h6 3. Bc4 b5 4. Bb3 e6 5. Nf3 d5 6. a4 b4 7. a5 c5 8. dxc5 Bxc5 9. O-O Nf6 10. c4 Bb7 11. Qc2 d4 12. Nxd4 Bxd4 13. exd4 Qxd4 14. Be3 Qh4 15. h3 Nbd7 16. Nd2 O-O 17. Qc3 bxc3 0-1


[Site "https://www.chess.com"]

[Event "Titled Tuesday Blitz August 08 Late 2023"]
[White "De Souza, Cristiano Gomes"]
[Black "Beulen, Marcel"]
[WhiteFideId "2151758"]
[BlackFideId "1001450"]
[WhiteElo "2244"]
[BlackElo "2330"]
[Result "0-1"]
[Round "10"]
[TimeControl "180+1"]
[Date "2023.08.08"]
[WhiteClock "0:00:00"]
[BlackClock "0:01:48"]
[Board "94"]

1. d4 d5 2. c4 c6 3. Nf3 Nf6 4. Nc3 dxc4 5. a4 Bf5 6. Bg5 Nd5 7. Rc1 h6 8. Bh4 Qa5 9. Nd2 Nxc3 10. bxc3 Be6 11. e4 Qa6 12. Be2 Nd7 13. O-O Nb6 14. Ra1 g5 15. Bg3 Bg7 16. a5 Nd7 17. Qa4 O-O 18. Bxc4 Bxc4 19. Qxc4 Qxc4 20. Nxc4 b5 21. axb6 axb6 22. Rxa8 Rxa8 23. Rb1 b5 24. Ne3 e6 0-1


[Site "https://www.chess.com"]

[Event "Titled Tuesday Blitz August 08 Late 2023"]
[White "Skaric, Djuro"]
[Black "Butti, Enrique"]
[WhiteFideId "934569"]
[BlackFideId "3700470"]
[WhiteElo "2321"]
[BlackElo "2212"]
[Result "0-1"]
[Round "10"]
[TimeControl "180+1"]
[Date "2023.08.08"]
[WhiteClock "0:00:38"]
[BlackClock "0:00:26"]
[Board "95"]

1. g3 d5 2. Bg2 e5 3. d3 c6 4. Nf3 Bd6 5. O-O Ne7 6. Nc3 O-O 7. e4 d4 8. Ne2 c5 9. h3 f6 10. Ne1 Be6 11. f4 c4 12. f5 Bf7 13. g4 Nbc6 14. Rf2 Rc8 15. Bf1 Nb4 16. Ng3 cxd3 17. cxd3 Nxa2 18. Bd2 Qb6 19. h4 Nb4 20. Rg2 Kh8 21. Nh1 Rc7 22. Nf2 Rfc8 23. Nh3 Nc2 24. Nxc2 Rxc2 25. g5 Bb4 26. g6 Bxd2 27. gxf7 Be3+ 28. Kh1 Rxg2 29. Bxg2 Rf8 30. Qa4 a6 31. Qe8 Qd8 32. Qa4 Rxf7 33. Qc4 Rf8 34. Bf3 Nc6 35. Bh5 Qb6 36. b3 Qb4 37. Qd5 Qd2 38. Rd1 Qc2 39. Qd7 Qxb3 40. Kg2 a5 41. Nf2 Qb2 42. Rf1 a4 43. Qd6 Rd8 44. Qc7 a3 45. Kf3 a2 46. Ng4 a1=Q 47. Nxe3 dxe3 48. Rxa1 Qxa1 49. Qxb7 Qd4 50. Qxc6 Qxd3 51. Kg4 e2 0-1


[Site "https://www.chess.com"]

[Event "Titled Tuesday Blitz August 08 Late 2023"]
[White "Ortmann, David"]
[Black "Novikova, Margarita"]
[WhiteFideId "4651588"]
[BlackFideId "14109689"]
[WhiteElo "2317"]
[BlackElo "2151"]
[Result "1-0"]
[Round "10"]
[TimeControl "180+1"]
[Date "2023.08.08"]
[WhiteClock "0:00:37"]
[BlackClock "0:00:05"]
[Board "96"]

1. Nf3 Nf6 2. c4 g6 3. Nc3 Bg7 4. e4 d6 5. d4 O-O 6. Be2 c6 7. O-O Qc7 8. Be3 Nbd7 9. Qc2 e5 10. Rfd1 Ng4 11. Bg5 h6 12. Bh4 f5 13. dxe5 dxe5 14. exf5 gxf5 15. Be7 Re8 16. Bd6 Qa5 17. Qxf5 Nf8 18. Qc2 e4 19. Nxe4 Bf5 20. Bd3 Qb6 21. Nf6+ Bxf6 22. Bxf5 h5 23. Bxf8 Rxf8 24. Bxg4 hxg4 25. Rd7 Rf7 26. Qg6+ Rg7 27. Qxf6 Rxd7 28. Qe6+ Rf7 29. Ng5 Qxf2+ 30. Kh1 Rf8 31. Nxf7 Rxf7 32. Qxg4+ Kf8 33. h3 Qxb2 34. Rd1 Qf6 35. Rd4 Qe7 36. Qc8+ Kg7 37. Rg4+ Kh6 38. Qh8+ Rh7 39. Qg8 Qe1+ 40. Kh2 Qe5+ 41. Rg3 Qf6 42. Rf3 Qd6+ 43. Rg3 Qf6 44. h4 Qd6 45. Qg5# 1-0


[Site "https://www.chess.com"]

[Event "Titled Tuesday Blitz August 08 Late 2023"]
[White "Sabar Ethmane Daouda"]
[Black "Shapiro, Daniel"]
[WhiteFideId "19600097"]
[BlackFideId "2001780"]
[WhiteElo "2202"]
[BlackElo "2316"]
[Result "1-0"]
[Round "10"]
[TimeControl "180+1"]
[Date "2023.08.08"]
[WhiteClock "0:00:15"]
[BlackClock "0:00:00"]
[Board "97"]

1. b3 e5 2. Bb2 d6 3. e3 Nf6 4. d4 Nbd7 5. Nf3 e4 6. Nfd2 d5 7. c4 c6 8. a3 a5 9. Nc3 Bd6 10. Be2 h5 11. c5 Bc7 12. b4 axb4 13. axb4 Rxa1 14. Qxa1 Nf8 15. b5 Ng4 16. h3 Nf6 17. bxc6 Bb8 18. cxb7 Bxb7 19. Qa4+ Ke7 20. c6 Bc8 21. Ba3+ Ke6 22. Qb3 Kf5 23. f3 Bg3+ 24. Kd1 Be6 25. fxe4+ Nxe4 26. Bd3 Kg6 27. Ncxe4 dxe4 28. Bxe4+ Kh6 29. d5 Bc8 30. Bf3 Ng6 31. Qd3 f5 32. Nf1 Bd6 33. g4 fxg4 34. hxg4 h4 35. Bc1 Rf8 36. Be4 Ne5 37. Qe2 Bxg4 38. Bf3 Bxf3 39. e4+ Kh7 40. Ng3 Bxe2+ 41. Kxe2 Qf6 42. Nf5 Bc5 43. Rxh4+ Kg8 44. Rh3 Ng6 45. Rg3 Be7 46. Rxg6 Qe5 47. Rxg7+ Kh8 48. Rxe7 Qh2+ 49. Kd3 Rb8 50. Bd2 Rb3+ 51. Bc3+ 1-0


[Site "https://www.chess.com"]

[Event "Titled Tuesday Blitz August 08 Late 2023"]
[White "Tharushi, T H D Niklesha"]
[Black "Cooper, Aaron"]
[WhiteFideId "9918264"]
[BlackFideId "2634945"]
[WhiteElo "2125"]
[BlackElo "2291"]
[Result "1-0"]
[Round "10"]
[TimeControl "180+1"]
[Date "2023.08.08"]
[WhiteClock "0:01:13"]
[BlackClock "0:00:30"]
[Board "98"]

1. e4 d5 2. exd5 Qxd5 3. Nc3 Qd6 4. d4 Nf6 5. Nf3 a6 6. Be2 b5 7. a3 Bb7 8. O-O e6 9. Ne5 c5 10. Bf4 Qxd4 11. Bf3 Qxd1 12. Raxd1 Bxf3 13. gxf3 h6 14. Rd2 g5 15. Bg3 Bg7 16. Rfd1 O-O 17. Rd8 Nh5 18. Rxf8+ Kxf8 19. Rd8+ Ke7 20. Rxb8 Rxb8 21. Nc6+ Kd7 22. Nxb8+ Kc8 23. Nxa6 Nxg3 24. fxg3 b4 25. axb4 cxb4 26. Nxb4 1-0


[Site "https://www.chess.com"]

[Event "Titled Tuesday Blitz August 08 Late 2023"]
[White "Maluco_do_Natal_00"]
[Black "Rodriguez Santiago, Jaime"]
[BlackFideId "3100898"]
[WhiteElo "2101"]
[BlackElo "2279"]
[Result "0-1"]
[Round "10"]
[TimeControl "180+1"]
[Date "2023.08.08"]
[WhiteClock "0:00:00"]
[BlackClock "0:00:05"]
[Board "99"]

1. e4 c6 2. d4 d5 3. Nc3 dxe4 4. Nxe4 Nf6 5. Nxf6+ exf6 6. c3 Bd6 7. Qc2 O-O 8. Bd3 Re8+ 9. Ne2 h5 10. Be3 Nd7 11. c4 Nf8 12. O-O h4 13. h3 Be6 14. Rad1 Qd7 15. Nf4 Rad8 16. a3 Bb8 17. Ne2 Bxh3 18. gxh3 Qxh3 19. Nf4 Bxf4 20. Bxf4 Qg4+ 21. Kh1 Qxf4 22. f3 Ne6 23. d5 cxd5 24. cxd5 Ng5 25. Qg2 h3 26. Qg4 Qxg4 27. fxg4 Rd6 28. Bc4 a6 29. a4 Re4 30. b3 Rxg4 31. Rde1 g6 32. Re7 b5 33. axb5 axb5 34. Bxb5 Rxd5 35. Bc4 Rd2 36. Rxf6 h2 37. Rxg6+ Kf8 38. Rxf7+ Nxf7 39. Rxg4 Ne5 40. Rf4+ Ke7 41. Rh4 Nf3 42. Re4+ Kd6 43. Rg4 Rd1+ 44. Kg2 h1=Q+ 45. Kg3 Rg1+ 46. Kf4 Rxg4+ 47. Kxg4 Nd2 48. Kf4 Qg1 0-1


[Site "https://www.chess.com"]

[Event "Titled Tuesday Blitz August 08 Late 2023"]
[White "Steindl, Johannes"]
[Black "laskakid"]
[WhiteFideId "1643266"]
[WhiteElo "2267"]
[BlackElo "2112"]
[Result "0-1"]
[Round "10"]
[TimeControl "180+1"]
[Date "2023.08.08"]
[WhiteClock "0:00:03"]
[BlackClock "0:00:10"]
[Board "100"]

1. e4 e5 2. Nf3 Nc6 3. Bb5 a6 4. Ba4 Nf6 5. d3 d6 6. O-O b5 7. Bb3 Na5 8. Nc3 Be7 9. h3 O-O 10. Nh2 h6 11. f4 Nxb3 12. axb3 Bb7 13. fxe5 dxe5 14. Be3 Nh7 15. Kh1 Ng5 16. Qg4 Qc8 17. Qg3 Kh7 18. Qxe5 Bf6 19. Qf5+ Qxf5 20. Rxf5 b4 21. Na4 Rfe8 22. Ng4 Be7 23. h4 Ne6 24. g3 f6 25. Kh2 Rad8 26. Rf2 Nd4 27. Kg2 f5 28. Ne5 fxe4 29. dxe4 Bxe4+ 30. Kh2 Nxc2 31. Rxc2 Bxc2 32. Nc6 Rd3 33. Bf4 Bd6 34. Bxd6 Rxd6 35. Nxb4 Rd2+ 36. Kg1 Ree2 37. Nc3 Rg2+ 38. Kf1 Bf5 39. Rd1 Rdf2+ 40. Ke1 Bg4 41. Rd4 h5 42. Ne4 Rxb2 43. Nd3 Rb1+ 44. Nc1 Rxc1+ 45. Rd1 Rxd1# 0-1


[Site "https://www.chess.com"]

[Event "Titled Tuesday Blitz August 08 Late 2023"]
[White "Tqebuchava, Zurab"]
[Black "dorpato"]
[WhiteFideId "13601113"]
[WhiteElo "2266"]
[BlackElo "2074"]
[Result "1-0"]
[Round "10"]
[TimeControl "180+1"]
[Date "2023.08.08"]
[WhiteClock "0:00:07"]
[BlackClock "0:00:09"]
[Board "101"]

1. e4 c5 2. Nf3 d6 3. Bb5+ Bd7 4. Bxd7+ Qxd7 5. c4 Nf6 6. Nc3 Nc6 7. O-O g6 8. d4 cxd4 9. Nxd4 Bg7 10. Nc2 O-O 11. h3 Ne5 12. b3 b6 13. Be3 Qb7 14. f3 Nfd7 15. Bd4 Nc5 16. Qd2 Ne6 17. Be3 Rac8 18. Rac1 Nc6 19. Bh6 Rcd8 20. Bxg7 Kxg7 21. Nd5 Nc7 22. Nce3 e6 23. Qc3+ f6 24. Nxc7 Qxc7 25. Rfd1 Ne7 26. Kh1 Rd7 27. Rd3 Rfd8 28. Rcd1 Nc6 29. Qd2 Ne5 30. Rd4 Nc6 31. Rd3 Ne5 32. Rc3 a6 33. Rc2 Qc5 34. Qd4 Qxd4 35. Rxd4 Nc6 36. Rd1 Nb4 37. Rcd2 Kf7 38. a3 Nc6 39. Nc2 Ke7 40. Nd4 Ne5 41. f4 Nf7 42. Nc6+ Ke8 43. Nxd8 Kxd8 44. Kg1 Kc7 45. Kf2 Kc6 46. Ke3 b5 47. cxb5+ Kxb5 48. Rc1 Nd8 49. Rdc2 Nb7 50. Rc7 Rxc7 51. Rxc7 Nc5 52. Rxh7 Nxb3 53. Rg7 Ka4 54. Rxg6 Kxa3 55. h4 Nc5 56. h5 Kb3 57. h6 a5 58. h7 a4 59. h8=Q a3 60. Qb8+ Ka2 61. Rg7 1-0


[Site "https://www.chess.com"]

[Event "Titled Tuesday Blitz August 08 Late 2023"]
[White "Castro Silva, Moises Antonio"]
[Black "Kohler, Aran"]
[WhiteFideId "3909794"]
[BlackFideId "1002856"]
[WhiteElo "2400"]
[BlackElo "2252"]
[Result "0-1"]
[Round "10"]
[TimeControl "180+1"]
[Date "2023.08.08"]
[WhiteClock "0:00:00"]
[BlackClock "0:01:32"]
[Board "102"]

1. e4 c5 2. Nf3 d6 3. d4 cxd4 4. Nxd4 Nf6 5. Nc3 a6 6. Bg5 e6 7. f4 Qb6 8. Qd2 Qxb2 9. Rb1 Qa3 10. e5 dxe5 11. fxe5 Nfd7 12. Ne4 Qxa2 13. Rd1 Qd5 14. Qe3 Qxe5 15. Be2 f5 16. Nxf5 exf5 17. O-O Qxe4 18. Qc3 Bc5+ 19. Kh1 O-O 20. Rfe1 Bb4 21. Bc4+ Kh8 22. Qb2 Bxe1 23. Qa3 Qxc4 0-1


[Site "https://www.chess.com"]

[Event "Titled Tuesday Blitz August 08 Late 2023"]
[White "Sarkar, Justin"]
[Black "Cmorales2001"]
[WhiteFideId "2010011"]
[WhiteElo "2230"]
[BlackElo "2336"]
[Result "0-1"]
[Round "10"]
[TimeControl "180+1"]
[Date "2023.08.08"]
[WhiteClock "0:00:00"]
[BlackClock "0:00:13"]
[Board "103"]

1. d4 d5 2. c4 dxc4 3. Nf3 Nf6 4. g3 e6 5. Bg2 a6 6. O-O b5 7. Ne5 Nd5 8. a4 c6 9. e4 Nf6 10. d5 exd5 11. exd5 cxd5 12. axb5 Be7 13. Nxc4 O-O 14. Nc3 Bg4 15. Qd4 Nbd7 16. Nxd5 Rc8 17. bxa6 Bc5 18. Nxf6+ Nxf6 19. Qxd8 Rfxd8 20. Ne5 Be2 21. Re1 Bb5 22. a7 Bxa7 23. Rxa7 Re8 24. h4 Rxe5 25. Rxe5 Rxc1+ 26. Bf1 Rxf1+ 27. Kg2 h5 28. Rxb5 Rc1 29. b4 Rc2 30. Rf5 Ng4 31. Rf4 Ne3+ 32. Kh3 Nd1 33. b5 Nxf2+ 34. Rxf2 Rxf2 35. b6 Rb2 36. b7 Kh7 37. g4 Rb3+ 38. Kg2 hxg4 39. Kf2 f5 40. Kg2 Kh6 0-1


[Site "https://www.chess.com"]

[Event "Titled Tuesday Blitz August 08 Late 2023"]
[White "Garmendiarov"]
[Black "Merino Garcia, Rafael II"]
[BlackFideId "2209128"]
[WhiteElo "2302"]
[BlackElo "2256"]
[Result "0-1"]
[Round "10"]
[TimeControl "180+1"]
[Date "2023.08.08"]
[WhiteClock "0:00:10"]
[BlackClock "0:00:17"]
[Board "104"]

1. e4 d6 2. d4 Nd7 3. Nc3 g6 4. Be3 Bg7 5. Qd2 a6 6. O-O-O b5 7. h4 h6 8. f4 Bb7 9. a3 Ngf6 10. Bd3 Ng4 11. Nf3 Nxe3 12. Qxe3 c5 13. dxc5 Nxc5 14. e5 Nxd3+ 15. Rxd3 O-O 16. exd6 exd6 17. Rhd1 Re8 18. Qd2 Bxf3 19. Rxf3 Qxh4 20. Nd5 Re4 21. g3 Qg4 22. Re3 Rd4 23. Rd3 Rxd3 24. Qxd3 Re8 25. Nc7 Re2 26. Qxd6 Qxg3 27. Qd8+ Kh7 28. Ne8 Qxf4+ 29. Kb1 Rxe8 30. Qxe8 h5 31. Rd7 Qf1+ 32. Ka2 Qc4+ 33. Kb1 Qf1+ 34. Ka2 Qf6 35. c3 Qe6+ 36. Qxe6 fxe6 37. Rd6 h4 38. Rxe6 g5 39. Kb3 h3 40. Kc2 g4 41. Re4 h2 42. Re1 g3 43. b3 g2 0-1


[Site "https://www.chess.com"]